 Dungeon Crawl Stone Soup version 0.26-a0-1191-ge2a0e31ab3 (webtiles) character file.

Game seed: 16452709241775818178

1943 Mesmaeker13 the Thaumaturge (level 8, -7/52 HPs)
             Began as a Mummy Necromancer on Dec 28, 2020.
             Mangled by an ogre
             ... wielding a +0 giant spiked club
              (34 damage)
             ... on level 6 of the Dungeon.
             The game lasted 00:17:04 (8338 turns).

Mesmaeker13 the Thaumaturge (Mummy Necromancer)     Turns: 8338, Time: 00:17:06

Health: -7/52      AC:  6    Str: 11    XL:     8   Next: 98%
Magic:  16/20      EV: 15    Int: 22    God:
Gold:   123        SH:  5    Dex: 13    Spells: 17/23 levels left

rFire    x . .     SeeInvis .   n - +1 dagger (drain)
rCold    + + .     Faith    .   (no shield)
rNeg     + + +     Spirit   .   a - +0 robe
rPois    ∞         Reflect  +   (no helmet)
rElec    +         Harm     .   (no cloak)
rCorr    .         Rampage  .   o - +0 pair of gloves
Will     +....                  m - +2 pair of boots
Stlth    ++........             e - amulet of reflection
HPRegen  0.17/turn              f - ring of wizardry
MPRegen  0.17/turn              b - ring "Cugget" {rElec rC+ Int+6}

@: no status effects
A: no potions, fire vulnerability, cold resistance 1, negative energy resistance
3, torment resistance, unbreathing
a: no special abilities


You were on level 6 of the Dungeon.
You visited 1 branch of the dungeon, and saw 7 of its levels.

You collected 354 gold pieces.
You spent 231 gold pieces at shops.

Inventory:

Hand Weapons
 c - a +2 spear of flaming
 g - a +0 trident
 n - a +1 dagger of draining (weapon)
Armour
 a - a +0 robe (worn)
 m - a +2 pair of boots (worn)
 o - a +0 pair of gloves (worn)
Jewellery
 b - the ring "Cugget" (right hand) {rElec rC+ Int+6}
   (You found it on level 5 of the Dungeon)

   [ring of intelligence]

   It affects your intelligence (+6).
   It protects you from cold.
   It insulates you from electricity.
 e - an amulet of reflection (around neck)
 f - a ring of wizardry (left hand)
Wands
 i - a wand of paralysis (7)
Scrolls
 d - a scroll of amnesia {unknown}
 h - a scroll of blinking {unknown}
 j - 2 scrolls of magic mapping
 k - a scroll of immolation
 l - 2 scrolls of enchant armour


   Skills:
 + Level 5.7 Dodging
 - Level 2.5 Stealth
 + Level 8.4 Spellcasting
 + Level 7.7 Necromancy


You had 17 spell levels left.
You knew the following spells:

 Your Spells              Type           Power        Failure   Level
a - Pain                  Necr           100%         1%          1
b - Animate Skeleton      Necr           86%          1%          1
c - Animate Dead          Necr           21%          1%          4

Your spell library contained the following spells:

 Spells                   Type           Power        Failure   Level
 Vampiric Draining        Necr           21%          1%          3
 Agony                    Necr           43%          3%          5


Dungeon Overview and Level Annotations

Branches:
Dungeon (7/15)
 Temple: D:4-7

Altars:

Shops:
D:4 [

Annotations:
D:3 2 transporters, Tungsten's ghost, amateur OpFE
D:5 Sigmund


Innate Abilities, Weirdness & Mutations

You do not drink.
Your flesh is vulnerable to fire.
You are immune to poison.
Your flesh is cold resistant. (rC+)
You are immune to negative energy. (rN+++)
You are immune to unholy pain and torment.
You can survive without breathing.


Message History

Aim: an ogre, wielding a +0 giant spiked club (heavily wounded, chance to affect: 84%)
The ogre writhes in agony.
An adder comes into view.
The ogre hits you with a +0 giant spiked club!!
Ouch! That really hurt!
Casting: Pain (safe; 1% risk of failure)
Confirm with . or Enter, or press ? or * to list all spells.
Aiming: Pain (safe; 1% risk of failure)
Press: ? - help, Shift-Dir - straight line, f/p - ogre
Aim: an ogre, wielding a +0 giant spiked club (heavily wounded, chance to affect: 84%)
The ogre writhes in agony.
Casting: Pain (safe; 1% risk of failure)
Confirm with . or Enter, or press ? or * to list all spells.
Aiming: Pain (safe; 1% risk of failure)
Press: ? - help, Shift-Dir - straight line, f/p - ogre
Aim: an ogre, wielding a +0 giant spiked club (heavily wounded, chance to affect: 84%)
The ogre writhes in agony!
The ogre hits you with a +0 giant spiked club!!
Ouch! That really hurt!
You die...

#........# #........#
#........##########
#.................
#...............# .
#...............###..
#....>...............
###................#
#.#.....@OS........#
##.#########.......##
##...<#######.^.....#
###..##.............###
#...##..............#
#.#####.##..........#
.... #)#
#.######.....#### #...o
#.# #...####.......#.
....! #.#
###..##..........oo..o.


You could see an ogre and an adder.

Vanquished Creatures
  Eustachio (D:6)
  Menkaure (D:5)
  2 orc warriors
  An ice beast (D:6)
  A black bear (D:6)
  2 ogres (D:5)
  A centaur (D:5)
  A bullfrog (D:7)
  2 scorpions (D:5)
  2 howler monkeys
  2 hounds (D:7)
  7 orc priests
  9 orc wizards
  A bullfrog skeleton (D:4)
  2 worker ants
  A hound skeleton (D:5)
  9 adders
  A shadow imp (D:6)
  2 white imps (D:5)
  2 worms
  3 dart slugs
  4 leopard geckos
  28 orcs
  A giant cockroach (D:4)
  5 goblins
  6 hobgoblins
  17 jackals
  4 kobolds
  A quokka (D:7)
  A ball python (D:1)
  2 bats
  8 frilled lizards
  A jackal skeleton (D:6)
  4 rats
135 creatures vanquished.

Vanquished Creatures (collateral kills)
  An orc wizard (D:6)
  A worm (D:2)
  2 orcs
4 creatures vanquished.

Grand Total: 139 creatures vanquished

Notes
Turn   | Place    | Note
-------+----------+-------------------------------------------
     0 | D:1      | Mesmaeker13 the Mummy Necromancer began the quest for the
                  | Orb.
     0 | D:1      | Reached XP level 1. HP: 13/13 MP: 4/4
   244 | D:1      | Reached XP level 2. HP: 19/19 MP: 2/5
   555 | D:1      | Reached skill level 3 in Spellcasting
  1138 | D:2      | Learned a level 1 spell: Animate Skeleton
  1286 | D:2      | Reached XP level 3. HP: 24/24 MP: 2/7
  1870 | D:2      | Reached XP level 4. HP: 30/30 MP: 4/9
  2472 | D:3      | Learned a level 4 spell: Animate Dead
  2475 | D:3      | Found a transporter.
  2485 | D:3      | Noticed Tungsten's ghost (amateur OpFE)
  2491 | D:3      | Found a transporter.
  2771 | D:3      | Reached skill level 4 in Spellcasting
  2771 | D:3      | Reached XP level 5. HP: 11/35 MP: 4/11
  3287 | D:3      | Reached skill level 5 in Necromancy
  4003 | D:3      | Reached XP level 6. HP: 41/41 MP: 8/13
  4689 | D:4      | Reached skill level 5 in Spellcasting
  4789 | D:4      | Found Roejuaf's Armour Boutique.
  4813 | D:4      | Bought a +2 pair of boots for 231 gold pieces
  4888 | D:4      | You fall into a shaft and drop 2 floors!
  4898 | D:6      | Noticed Eustachio
  4902 | D:6      | Noticed an ice beast
  5031 | D:6      | Noticed an orc warrior
  5098 | D:6      | Noticed an orc warrior
  5429 | D:7      | Reached XP level 7. HP: 41/46 MP: 8/15
  5582 | D:6      | Reached skill level 6 in Spellcasting
  6281 | D:5      | Entered Level 5 of the Dungeon
  6300 | D:5      | Reached XP level 8. HP: 35/52 MP: 4/18
  6357 | D:5      | Reached skill level 7 in Spellcasting
  6664 | D:5      | Reached skill level 5 in Dodging
  6678 | D:5      | Noticed Menkaure
  6686 | D:5      | Killed Menkaure
  6877 | D:5      | Got a scorched golden ring
  6878 | D:5      | Identified the ring "Cugget" {rElec rC+ Int+6} (You found
                  | it on level 5 of the Dungeon)
  7621 | D:5      | Noticed Sigmund
  7871 | D:6      | Reached skill level 8 in Spellcasting
  8269 | D:6      | Killed Eustachio
  8338 | D:6      | Mangled by an ogre

Illustrated notes

Levels and vault maps discovered:
D:1:      dpeg_arrival_erosion, layout_basic, serial_curves, eino_curves_03,
          eino_curves_01
D:2:      layout_loops_ring
D:3:      layout_basic, gammafunk_ghost_stat_death
D:4:      layout_gridville, serial_co_window_serial, co_window_corner_a,
          co_window_of_opportunity_a, co_window_paths_a, co_window_corner_a,
          co_window_corner_a, co_window_broadway_b, co_window_unsneaky_path_d,
          co_window_corner_b, co_window_corner_ca, co_window_of_opportunity_c,
          glass_columns_b, glass_columns_b, glass_columns_b, glass_columns_c,
          serial_shops, shop
D:5:      layout_basic, uniq_menkaure, uniq_sigmund
D:6:      layout_rooms, uniq_eustachio
D:7:      layout_loops_corners, minmay_temple_entry_arrows

Skill      XL: |  1  2  3  4  5  6  7  8 |
---------------+-------------------------+-----
Spellcasting   | 3 4 5 6 8 |  8.4
Stealth        | 2 |  2.5
Dodging        | 2 3 4 5 |  5.7
Necromancy     | 5 6 7 |  7.7

Action                   |  1- 3 |  4- 6 |  7- 9 || total
-------------------------+-------+-------+-------++-------
Melee: Club              |     5 |       |       ||     5
       Dagger            |     6 |    23 |    11 ||    40
       Spear             |       |     6 |    99 ||   105
 Cast: Pain              |    81 |   146 |   165 ||   392
       Animate Skeleton  |     2 |     3 |     1 ||     6
       Animate Dead      |       |     3 |     6 ||     9
Evoke: Wand              |       |       |     6 ||     6
  Use: Scroll            |     3 |     6 |     4 ||    13
 Stab: Distracted        |     1 |       |     1 ||     2
       Paralysed         |       |       |    16 ||    16
       Sleeping          |       |       |     1 ||     1
Armor: Robe              |       |    13 |    24 ||    37
Dodge: Dodged            |    15 |    42 |   103 ||   160
Block: Other             |     2 |    16 |    41 ||    59
       Reflection        |       |       |     2 ||     2

Table legend: (Time is in decaauts)
 A = Elapsed time spent in this place.
 B = Non-inter-level travel time spent in this place.
 C = Inter-level travel time spent in this place.
 D = Time resting spent in this place.
 E = Time spent auto-exploring this place.
 F = Levels seen in this place.
 G = Mean time per level.
                   A        B        C        D        E       F      G
               +--------+--------+--------+--------+--------+-----+--------+
         Total |   8376 |   8207 |    169 |   3412 |   3087 |   7 | 1196.6 |
       Dungeon |   8376 |   8207 |    169 |   3412 |   3087 |   7 | 1196.6 |
               +--------+--------+--------+--------+--------+-----+--------+

Top non-repeatable levels by time:
     D:3: 1845 daAuts
     D:2: 1390 daAuts
     D:5: 1240 daAuts
     D:1: 1183 daAuts
     D:4: 1030 daAuts
     D:7: 865 daAuts
     D:6: 820 daAuts
